 Dungeon Crawl Stone Soup version 0.27-a0-1525-g1038ab4fd7 (webtiles) character file.

Game seed: 14645359205322393386

13980 quinnr the Stormcaller (level 12, -1/66 HPs)
             Began as a Tengu Air Elementalist on July 10, 2021.
             Was an Elder of Ashenzari.
             Slain by a troll (6 damage)
             ... while paralysed by an ogre mage
             ... on level 11 of the Dungeon.
             The game lasted 00:51:55 (17638 turns).

quinnr the Stormcaller (Tengu Air Elementalist)    Turns: 17638, Time: 00:51:56

Health: -1/66      AC: 17    Str: 10    XL:     12   Next: 11%
Magic:  19/22      EV:  2    Int: 32    God:    Ashenzari [****..]
Gold:   190        SH:  0    Dex: 14    Spells: 9/23 levels left

rFire    . . .     SeeInvis +   (weapon currently unavailable)
rCold    . . .     Faith    .   (shield currently unavailable)
rNeg     . . .     Spirit   .   (armour currently unavailable)
rPois    ∞         Reflect  .   (helmet currently unavailable)
rElec    +         Harm     .   (cloak currently unavailable)
rCorr    .         Rampage  .   (gloves currently unavailable)
Will     .....     Clarity  +   (boots unavailable)
Stlth    +++.......             v - amulet of the Bound Sage {Acrobat, Bglg, Elem} (curse)
HPRegen  0.21/turn              M - +6 ring of intelligence
MPRegen  0.18/turn              x - ring of the Shattered Stars {Int+6, Cun, Evo} (curse)

@: paralysed, storm-form, blinkbolt cooldown, flying quickly and evasively,
quick
A: cleaving, flying, (beak), (talons 3), nimble flight
a: Blinkbolt, End Transformation, Renounce Religion, Shatter the Chains


You were on level 11 of the Dungeon.
You worshipped Ashenzari.
Ashenzari was greatly pleased with you.
You were a lightning-filled tempest!
You visited 2 branches of the dungeon, and saw 12 of its levels.

You collected 734 gold pieces.
You spent 544 gold pieces at shops.

Inventory:

Hand Weapons
 F - the cursed +6 hunting sling of Ashenzari's Servitude (melded) {flame, +Blink rElec rC+ Str-3, Melee, Bglg}
   (You bought it in a shop on level 6 of the Dungeon)

   It causes projectiles fired from it to burn those they strike, causing extra
   injury to most foes and up to half again as much damage against particularly
   susceptible opponents.
   Str:       It affects your strength (-3).
   rC:        It protects you from cold.
   rElec:     It insulates you from electricity.
   +Blink:    It lets you blink.
   It has a curse which improves the following skills: Melee Combat: Short
   Blades, Long Blades, Axes, Maces & Flails, Polearms, Staves and Unarmed
   Combat.
   Beguiling: Conjurations, Hexes and Translocations.
Missiles
 y - a throwing net
 E - 19 boomerangs
 G - 8 sling bullets
Armour
 a - a +0 robe
 e - the cursed +0 buckler of Desmomancy (melded) {Evo, Melee}
   (You took it off a gnoll sergeant on level 9 of the Dungeon)

   It has a curse which improves the following skills: Evocations: Evocations.
   Melee Combat: Short Blades, Long Blades, Axes, Maces & Flails, Polearms,
   Staves and Unarmed Combat.
 o - the cursed +0 robe of Ashenzari's Disgust (melded) {Str+3, Range, Elem}
   (You found it on level 4 of the Dungeon)

   Str:       It affects your strength (+3).
   It has a curse which improves the following skills: Ranged Combat: Slings,
   Bows, Crossbows and Throwing.
   Elements:  Fire Magic, Ice Magic, Air Magic and Earth Magic.
 I - the +6 leather armour of the Frog {rElec rPois Int-4 Dex+4}
   (You found it on level 9 of the Dungeon)

   Int:       It affects your intelligence (-4).
   Dex:       It affects your dexterity (+4).
   rElec:     It insulates you from electricity.
   rPois:     It protects you from poison.
 L - the cursed +0 cloak of Curses and Power (melded) {Melee, Range}
   (You found it on level 10 of the Dungeon)

   It has a curse which improves the following skills: Melee Combat: Short
   Blades, Long Blades, Axes, Maces & Flails, Polearms, Staves and Unarmed
   Combat.
   Ranged Combat: Slings, Bows, Crossbows and Throwing.
Magical Staves
 K - a staff of death
Jewellery
 g - a ring of fire
 i - a ring of flight
 v - the cursed amulet of the Bound Sage (around neck) {Acrobat, Bglg, Elem}
   (You found it on level 6 of the Dungeon)

   [amulet of the acrobat]

   It increases your evasion while moving and waiting.
   It has a curse which improves the following skills: Beguiling: Conjurations,
   Hexes and Translocations.
   Elements:  Fire Magic, Ice Magic, Air Magic and Earth Magic.
 w - a +4 ring of protection
 x - the cursed ring of the Shattered Stars (right hand) {Int+6, Cun, Evo}
   (You found it on level 6 of the Dungeon)

   [ring of intelligence]

   Int:       It affects your intelligence (+6).
   It has a curse which improves the following skills: Cunning: Dodging and
   Stealth.
   Evocations: Evocations.
 B - an amulet of reflection
 C - an amulet of guardian spirit
 M - a +6 ring of intelligence (left hand)
Wands
 d - a wand of digging (5)
 f - a wand of polymorph (4)
 n - a wand of flame (52)
 J - a wand of mindburst (17)
Scrolls
 h - 12 scrolls of identify
 j - 4 scrolls of immolation
 k - 3 scrolls of teleportation
 m - 2 scrolls of magic mapping
 p - 2 scrolls of enchant armour
 q - a scroll of holy word
 s - 5 scrolls of fear
 t - 3 scrolls of fog
 u - a scroll of vulnerability
 D - a scroll of torment
Potions
 b - 2 potions of heal wounds
 c - 2 potions of lignification
 r - 2 potions of brilliance
 z - 2 potions of magic
 A - a potion of curing
 H - 2 potions of might


   Skills:
 - Level 4.0 Fighting
 - Level 5.7(8.0) Dodging
 - Level 3.0(5.0) Stealth
 - Level 4.0 Shields
 - Level 6.0 Spellcasting
 - Level 1.3(2.8) Conjurations
 + Level 7.5 Transmutations
 + Level 16.9(18.7) Air Magic
 - Level 1.6(3.2) Evocations


You had 9 spell levels left.
You knew the following spells:

 Your Spells              Type           Power      Damage    Failure   Level
a - Shock                 Conj/Air       100%       1d9       1%          1
b - Airstrike             Air            46%        N/A       1%          4
c - Storm Form            Tmut/Air       38%        N/A       19%         7
d - Static Discharge      Conj/Air       68%        N/A       1%          2

Your spell library contained the following spells:

 Spells                   Type           Power      Damage    Failure   Level
 Swiftness                Air            92%        N/A       0%          3
 Blade Hands              Tmut           27%        N/A       5%          5
 Blink                    Tloc           N/A        N/A       6%          2
 Ozocubu's Armour         Ice            11%        N/A       12%         3
 Portal Projectile        Hex/Tloc       22%        N/A       12%         3
 Manifold Assault         Tloc           11%        N/A       75%         5
 Excruciating Wounds      Necr           4%         N/A       77%         5
 Ozocubu's Refrigeration  Ice            5%         4d6       100%        7


Dungeon Overview and Level Annotations

Branches:
Dungeon (11/15)            Temple (1/1) D:4            Lair (0/6) D:11
    Orc (0/2) D:9

Altars:
Ashenzari
Cheibriados
Dithmenos
Elyvilon
Fedhas
Gozag
Hepliaklqana
Kikubaaqudgha
Makhleb
Nemelex Xobeh
Okawaru
Qazlal
Ru
Sif Muna
Trog
Uskayaw
Vehumet
Wu Jian
Xom
Yredelemnul
Zin
The Shining One

Shops:
D:6 *

Annotations:
D:9 1 runed translucent door, robertstho's ghost, novice MiBe


Innate Abilities, Weirdness & Mutations

You are a lightning-filled tempest!
Your stormy fists strike out in all directions at once.
You are incredibly evasive.
You are flying.
You are immune to poison.
Your armour is entirely melded.
You are incapable of wielding weapons or throwing items.
((You have a beak for a mouth.))
((You have claws for feet.))
Your magical nature lets you fly swiftly and evasively.


Message History

The orc wizard casts a spell at you.
The puff of flame misses the ogre mage.
The puff of flame hits you but does no damage.
You buffet the ogre mage!
The ogre mage is moderately wounded.
You buffet the gnoll shaman!
Lightning courses through the gnoll shaman!
You kill the gnoll shaman!
You buffet the gnoll shaman!
The gnoll shaman misses you.
The ogre mage points at you and mumbles some strange words.
You suddenly lose the ability to move!
The gnoll shaman hits you but does no damage.
The ogre mage hits you but does no damage.
The gnoll shaman hits you with a +0 club.
The troll completely misses you. The troll claws you! x2
The kobold demonologist hits you but does no damage.
The gnoll shaman hits you but does no damage.
The ogre mage hits you but does no damage.
The orc wizard hits you but does no damage.
The troll bites you but does no damage.
The troll claws you but does no damage. x2
The gnoll shaman hits you but does no damage.
The orc wizard points at you and mumbles some strange words.
The puff of flame hits the ogre mage.
The kobold demonologist gestures wildly while chanting.
The ogre mage hits you with a +2 flail of protection.
The gnoll shaman hits you with a +0 club!
The orc wizard hits you but does no damage.
The troll bites you!
* * * LOW HITPOINT WARNING * * *
The troll claws you!
* * * LOW HITPOINT WARNING * * *
The troll claws you but does no damage.
The kobold demonologist hits you but does no damage.
The gnoll shaman barely misses you.
The ogre mage hits you with a +2 flail of protection.
* * * LOW HITPOINT WARNING * * *
The orc wizard hits you with a +0 dagger.
* * * LOW HITPOINT WARNING * * *
The troll bites you but does no damage. The troll claws you.
You die...

........., ......#.#####.#[......
.......................).........
≈≈≈≈≈≈≈≈≈≈≈≈≈≈≈....≈≈≈≈≈≈≈≈≈≈≈≈≈≈
≈≈≈≈≈≈≈≈≈≈≈≈≈≈≈....≈≈≈≈≈≈≈≈≈≈≈≈≈≈
###≈≈≈≈≈≈≈≈≈≈≈≈....≈≈≈≈≈≈≈≈≈≈≈≈##
. #................)...........#,
,, * * ####''')#############, ,
######..4.#### ** , *+ ,
.....'gvK.+ , ,+ , *, ,,
*######TOoY# * ** , **##o)## *
**** ,+, , ......, ,, ,,, , '
,........ ,, , + , ..o........,
,*** ,, * ,............ , *,,,, ,
, , , ######''##### * ,, , * ,
,+, ,, '..',


You could see an ogre mage (invisible), a kobold demonologist, a yak, a troll, a
chaos spawn (summoned), a gnoll shaman (fast) and 2 orc wizards.

Vanquished Creatures
  Harold (D:7)
  A hydra (D:11)
  2 two-headed ogres
  An orc sorcerer (D:10)
  5 centaur zombies
  2 kobold demonologists (D:11)
  A komodo dragon (D:10)
  A hornet (D:9)
  3 trolls
  A vampire (D:10)
  A wyvern (D:7)
  17 yaks
  A steam dragon (D:9)
  Edmund (D:6)
  3 wargs
  2 water moccasins
  5 orc warriors
  3 necrophages
  A black bear (D:6)
  An ogre (D:4)
  A centaur (D:9)
  A phantom (D:6)
  2 kobold brigands (D:11)
  2 bullfrogs
  A wyvern zombie (D:7)
  2 scorpions
  4 gnoll sergeants
  A water moccasin zombie (D:5)
  22 killer bees
  3 wights (D:6)
  3 electric eels (D:7)
  4 howler monkeys
  2 gnoll shamans (D:11)
  5 hounds
  11 orc priests
  A centaur skeleton (D:5)
  2 jellies
  Jessica (D:2)
  4 iguanas
  12 orc wizards
  2 howler monkey zombies
  11 gnolls
  2 howler monkey skeletons (D:7)
  10 adders
  A white imp (D:8)
  An adder skeleton (D:5)
  A worm (D:2)
  2 dart slugs
  53 orcs
  2 ball pythons (D:4)
  3 endoplasms
  A giant cockroach (D:1)
  A goblin (D:2)
  5 hobgoblins
  4 jackals
  3 kobolds
  A bat (D:2)
  2 frilled lizards
  5 rats
247 creatures vanquished.

Vanquished Creatures (others)
  21 plants
21 creatures vanquished.

Grand Total: 268 creatures vanquished

Notes
Turn   | Place    | Note
-------+----------+-------------------------------------------
     0 | D:1      | quinnr the Tengu Air Elementalist began the quest for the
                  | Orb.
     0 | D:1      | Reached XP level 1. HP: 10/10 MP: 4/4
   458 | D:1      | Reached XP level 2. HP: 15/15 MP: 0/6
   797 | D:1      | Reached skill level 5 in Air Magic
  1166 | D:2      | Reached XP level 3. HP: 19/19 MP: 4/7
  1686 | D:2      | Reached skill level 6 in Air Magic
  2257 | D:3      | Noticed Jessica
  2487 | D:2      | Killed Jessica
  2488 | D:2      | Reached XP level 4. HP: 24/24 MP: 4/8
  2711 | D:3      | Learned a level 4 spell: Airstrike
  2827 | D:3      | Found a broken altar of Ashenzari.
  2904 | D:3      | quinnr: ??ashenzari
  2904 | D:3      | beem: ashenzari[1/5]: God of divinations, knowledge, and
                  | curses. Likes it when you wear cursed gear while exploring
                  | the world. Grants passive monster/item detection, item
                  | identification (see [2]), and passive mapping. 1*:
                  | {Scrying}, 2*: {ash skill boost} 3*: SInv 4*: Clarity 5*:
                  | {transfer knowledge}
  2904 | D:3      | quinnr: ??ash skill boost
  2904 | D:3      | beem: ashenzari skill boost[1/2]: Ash boosts some of your
                  | skills for each level of bondage. The boosts come in three
                  | sizes (low, medium, high: see [2]) and also depend on your
                  | skill level and piety. Skills cannot increase past level
                  | 27.
  2904 | D:3      | Became a worshipper of Ashenzari the Shackled
  3060 | D:3      | Reached skill level 7 in Air Magic
  3290 | D:4      | Identified the +0 robe of Yesterday {Str+3}
  3319 | D:4      | Gained mutation: Your magical nature lets you fly swiftly
                  | and evasively. [Tengu growth]
  3319 | D:4      | Reached XP level 5. HP: 14/28 MP: 3/9
  3519 | D:4      | Reached skill level 8 in Air Magic
  3716 | D:4      | Reached XP level 6. HP: 32/32 MP: 7/10
  3834 | D:4      | Reached skill level 9 in Air Magic
  3934 | D:4      | quinnr: ??STR
  3934 | D:4      | beem: strength[1/2]: Strength reduces penalties from
                  | wearing body armour; see {aevp}. Has a small impact on
                  | melee and launcher base damage, roughly +25% of initial
                  | damage per 10 points of str above 10.
  3934 | D:4      | quinnr: ??aevp
  3934 | D:4      | beem: aevp[1/2]: Adjusted body armour evasion penalty.
                  | Affects spell success, melee and missile accuracy. Its
                  | value is [(2/5) * er^2 / (str+3)] * [45 - armour_skill]/45.
  3934 | D:4      | quinnr: ??aevp[2
  3934 | D:4      | beem: aevp[2/2]: Calculator:
                  | https://docs.google.com/spreadsheets/d/1SgY-b12lecR1EHb7uop
                  | TqFP0E3FDr5_MsTHrwA0Z5MY/
  4018 | D:4      | Found a staircase to the Ecumenical Temple.
  4027 | Temple   | Entered the Ecumenical Temple
  4477 | D:4      | Noticed a necrophage
  4488 | D:4      | Killed a necrophage
  4489 | D:4      | Reached skill level 10 in Air Magic
  4489 | D:4      | Reached XP level 7. HP: 36/36 MP: 2/11
  5083 | D:5      | Entered Level 5 of the Dungeon
  5220 | D:5      | Identified the +2 helmet "Cuam" {*Corrode rN+++ Str+4}
  5234 | D:5      | Reached skill level 11 in Air Magic
  5416 | D:5      | quinnr: ??ashenzari
  5416 | D:5      | beem: ashenzari[1/5]: God of divinations, knowledge, and
                  | curses. Likes it when you wear cursed gear while exploring
                  | the world. Grants passive monster/item detection, item
                  | identification (see [2]), and passive mapping. 1*:
                  | {Scrying}, 2*: {ash skill boost} 3*: SInv 4*: Clarity 5*:
                  | {transfer knowledge}
  5416 | D:5      | quinnr: ??ashenzari[2
  5416 | D:5      | beem: ashenzari[2/5]: At 0* shows the curse status of all
                  | items, then later fully identifies stuff that uses the same
                  | slots you have cursed; body armour at 1*, everything else
                  | at 2*.
  5416 | D:5      | quinnr: ??ashenzari[3
  5416 | D:5      | beem: ashenzari[3/5]: Ashenzari followers gain an ability
                  | which consumes a scroll of {remove curse} to curse an item.
  5416 | D:5      | quinnr: ??ashenzari[4
  5416 | D:5      | beem: ashenzari[4/5]: God of bondage.
  5416 | D:5      | quinnr: ??ashenzari[5
  5416 | D:5      | beem: ashenzari[5/5]: ash is sort of like a god of
                  | shackles but they give you the key so what's the point
  5970 | D:5      | Reached XP level 8. HP: 41/41 MP: 3/12
  6223 | D:5      | Reached skill level 12 in Air Magic
  6483 | D:5      | Reached * piety under Ashenzari
  6518 | D:6      | Found a sand-covered staircase.
  7095 | D:6      | Found Koduej's General Store.
  7280 | D:6      | Learned a level 7 spell: Storm Form
  7293 | D:6      | Reached skill level 1 in Fighting
  7701 | D:6      | Noticed Edmund
  7712 | D:6      | Killed Edmund
  8009 | D:6      | Reached XP level 9. HP: 44/48 MP: 3/15
  8304 | D:7      | Reached skill level 1 in Transmutations
  9049 | D:7      | Reached skill level 13 in Air Magic
  9241 | D:7      | Reached ** piety under Ashenzari
  9673 | D:7      | Found a burning altar of Makhleb.
  9683 | D:7      | Found a glowing golden altar of the Shining One.
  9703 | D:7      | Noticed Harold
  9710 | D:7      | Killed Harold
 10374 | D:8      | Learned a level 2 spell: Static Discharge
 10409 | D:8      | Reached XP level 10. HP: 51/56 MP: 12/17
 10594 | D:8      | Reached skill level 14 in Air Magic
 10663 | D:8      | Reached skill level 5 in Transmutations
 12366 | D:9      | Found a staircase to the Orcish Mines.
 12585 | D:9      | Reached skill level 5 in Dodging
 12969 | D:6      | Bought the +6 hunting sling of Darkness {flame, +Blink
                  | rElec rC+ Str-3} for 544 gold pieces
 12969 | D:6      | Reached *** piety under Ashenzari
 13088 | D:9      | Noticed a two-headed ogre
 13096 | D:9      | Killed a two-headed ogre
 13097 | D:9      | Reached skill level 5 in Spellcasting
 13097 | D:9      | Reached skill level 1 in Evocations
 13097 | D:9      | Reached XP level 11. HP: 61/61 MP: 1/19
 13882 | D:9      | Identified the +6 leather armour of the Frog {rElec rPois
                  | Int-4 Dex+4}
 13896 | D:9      | Found a sacrificial altar of Ru.
 14026 | D:9      | Noticed a +1 morningstar of chaos
 14027 | D:9      | Found a runed translucent door.
 14027 | D:9      | Found a shimmering altar of Xom.
 14027 | D:9      | Noticed robertstho's ghost (novice MiBe)
 14311 | D:10     | Entered Level 10 of the Dungeon
 14357 | D:10     | Reached skill level 1 in Shields
 14357 | D:10     | Reached skill level 15 in Air Magic
 15951 | D:10     | quinnr: ??storm form
 15951 | D:10     | beem: storm form[1/1]: Level 7 Tmut/Air form that scales
                  | heavily based on spellpower. Elec-branded cleaving melee,
                  | built-in blinkbolt (blink through monsters and zap em), and
                  | a few other fun things.
 15951 | D:10     | quinnr: ??storm form[2
 15951 | D:10     | beem: I don't have a page labeled storm_form[2] in my
                  | learndb.
 15955 | D:10     | Noticed an orc sorcerer
 15965 | D:10     | Killed an orc sorcerer
 16050 | D:9      | Identified the cursed +0 buckler of Desmomancy {Evo, Melee}
                  | (You took it off a gnoll sergeant on level 9 of the
                  | Dungeon)
 16649 | D:10     | Reached skill level 16 in Air Magic
 17166 | D:11     | Found a staircase to the Lair.
 17340 | D:11     | Noticed a seven-headed hydra
 17344 | D:11     | Killed a seven-headed hydra
 17474 | D:11     | Reached **** piety under Ashenzari
 17475 | D:11     | quinnr: ??astral sight
 17475 | D:11     | beem: I don't have a page labeled astral_sight in my
                  | learndb.
 17475 | D:11     | quinnr: ??ashen
 17475 | D:11     | beem: I don't have a page labeled ashen in my learndb.
 17475 | D:11     | quinnr: ??ash
 17475 | D:11     | beem: ashenzari[1/5]: God of divinations, knowledge, and
                  | curses. Likes it when you wear cursed gear while exploring
                  | the world. Grants passive monster/item detection, item
                  | identification (see [2]), and passive mapping. 1*:
                  | {Scrying}, 2*: {ash skill boost} 3*: SInv 4*: Clarity 5*:
                  | {transfer knowledge}
 17475 | D:11     | quinnr: ??scrying
 17475 | D:11     | beem: scrying[1/2]: Lets you see through walls.
 17608 | D:11     | Noticed a two-headed ogre
 17617 | D:11     | Killed a two-headed ogre
 17618 | D:11     | Reached XP level 12. HP: 66/66 MP: 15/22
 17621 | D:11     | Noticed an ogre mage
 17634 | D:11     | Paralysed by an ogre mage for 6 turns
 17638 | D:11     | HP: 6/66 [ogre mage (5)]
 17638 | D:11     | Slain by a troll

Illustrated notes

Levels and vault maps discovered:
D:1:      minmay_arrival_stone_box, layout_loops_ring
D:2:      layout_loops_corners, chequers_big_river, hangedman_decor_opposing
D:3:      layout_rooms, lemuel_doored_altar, uniq_jessica
D:4:      layout_loops_ring, minmay_temple_entry_offerings
D:5:      layout_gridville, grunt_ministairs_12, chequers_serial_rivers_micro_b,
          roderic_cross_of_infinity, fountainhead
D:6:      layout_loops_ring, serial_shops, nicolae_square_shop, enter_ossuary_5,
          uniq_edmund
D:7:      layout_loops_ring, minitemple, serial_bayou, serial_bayou_shore_b,
          serial_bayou_crossing, serial_bayou_lagoon_a, serial_bayou_shore_a,
          minmay_door_square, grunt_ministairs_6, uniq_harold
D:8:      layout_loops_ring, minmay_misc_feat_doors
D:9:      layout_loops_ring, nicolae_ru_path_of_blood, orc_david_3,
          ebering_ghost_xom, kennysheep_generic_room_4
D:10:     layout_basic, kennysheep_just_a_vault
D:11:     lemuel_castle_with_subvaults [lemuel_castle_interior_original],
          layout_stronghold, lair_entry_dummy, hangedman_abyss_or_decor_stabs
Temple:   regret_index_temple_mists

Skill      XL: |  1  2  3  4  5  6  7  8  9 10 11 |
---------------+----------------------------------+-----
Air Magic      | 5 6 7 8 10 11 12 13 14 16 | 16.9
Fighting       | 2 4 |  4.0
Dodging        | 3 4 5 |  5.7
Spellcasting   | 3 4 5 6 |  6.0
Stealth        | 3 |  3.0
Transmutations | 4 6 7 |  7.5
Evocations     | 1 |  1.6
Shields        | 4 |  4.0
Conjurations   | |  1.3

Action                   |  1- 3 |  4- 6 |  7- 9 | 10-12 || total
-------------------------+-------+-------+-------+-------++-------
Melee: Unarmed           |     8 |       |       |    46 ||    54
       Peck              |     2 |       |     6 |       ||     8
       Kick              |     2 |     2 |     4 |       ||     8
       Whip              |       |     8 |    31 |     2 ||    41
 Fire: Hunting sling     |       |       |       |    24 ||    24
 Cast: Shock             |    55 |    55 |   112 |   203 ||   425
       Airstrike         |       |     7 |    71 |    82 ||   160
       Storm Form        |       |       |       |     4 ||     4
       Static Discharge  |       |       |       |     2 ||     2
Invok: Curse Item        |       |       |     3 |     4 ||     7
       Shatter the Chain |       |       |       |     1 ||     1
 Abil: Blinkbolt         |       |       |       |     4 ||     4
Evoke: Wand              |       |       |     2 |     2 ||     4
  Use: Scroll            |     1 |     1 |       |     1 ||     3
Armor: Robe              |       |       |     9 |    20 ||    29
       Skin              |       |       |       |    23 ||    23
Dodge: Dodged            |    10 |     6 |    36 |   169 ||   221
Block: Buckler           |       |       |       |    18 ||    18

Table legend: (Time is in decaauts)
 A = Elapsed time spent in this place.
 B = Non-inter-level travel time spent in this place.
 C = Inter-level travel time spent in this place.
 D = Time resting spent in this place.
 E = Time spent auto-exploring this place.
 F = Levels seen in this place.
 G = Mean time per level.
                   A        B        C        D        E       F      G
               +--------+--------+--------+--------+--------+-----+--------+
         Total |  17030 |  15927 |   1103 |   3314 |  10854 |  12 | 1419.2 |
       Dungeon |  16883 |  15801 |   1082 |   3314 |  10729 |  11 | 1534.8 |
        Temple |    146 |    126 |     20 |      0 |    125 |   1 |  146.0 |
               +--------+--------+--------+--------+--------+-----+--------+

Top non-repeatable levels by time:
    D:10: 2183 daAuts
     D:7: 2177 daAuts
     D:8: 2025 daAuts
     D:9: 1714 daAuts
     D:6: 1696 daAuts
     D:5: 1579 daAuts
     D:4: 1494 daAuts
     D:1: 1268 daAuts
     D:2: 1236 daAuts
     D:3: 908 daAuts
    D:11: 598 daAuts
  Temple: 146 daAuts
